AoeStats
← Molusco

Arabia

506991131Analyzed
1v1 RM · 16d ago on Sep 16, 2026· 13m 46s· 2 players
Game mode
Random Map
Map size
Tiny (2 player)
Population
200
Speed
Normal
Resources
Standard
Victory
Conquest
Starting age
Dark Age
Ending age
Imperial Age
RankedLock teamsTeams togetherTeam positionsShared explorationLock speedFull tech treeHidden civsTurbo modeCheats
Victory
Defeat
🇺🇸 Celts · United States
1067
+14
🇦🇷 Persians · Argentina
1033
-14
Molusco
6:56 Loom
9:09 Feudal Age
9:41 Double-Bit Axe
9:38 Horse Collar
Midi
7:01 Loom
9:41 Feudal Age
9:46 Man-at-Arms
11:06 Horse Collar
Connection lost

Rejoining the realm…

Still unreachable

The connection could not be restored.

Session expired

The server has moved on; the page needs a fresh start.